 Dungeon Crawl Stone Soup version 0.29.0-13-gc9e81de378 (webtiles) character file.

Game seed: 16798645893434982783

1312 leafyfresh the Thaumaturge (level 8, -4/58 HPs)
             Began as a Gnoll Hedge Wizard on Sept 8, 2022.
             Was an Initiate of Cheibriados.
             Hit by a large rock thrown by a cyclops (18 damage)
             ... on level 7 of the Dungeon.
             The game lasted 00:26:41 (12031 turns).

leafyfresh the Thaumaturge (Gnoll Hedge Wizard)    Turns: 12031, Time: 00:26:41

Health: -4/58      AC:  6    Str: 10    XL:     8   Next: 58%
Magic:  0/20       EV: 14    Int: 20    God:    Cheibriados [......]
Gold:   430        SH:  0    Dex: 13    Spells: 12/23 levels left

rFire   . . .      SeeInvis .   v - +2 sling (freeze)
rCold   . . .      Faith    .   (no shield)
rNeg    + . .      Spirit   .   E - +2 robe {Will+}
rPois   .          Reflect  .   c - +0 hat
rElec   .          Harm     .   F - +0 cloak
rCorr   .          Rampage  .   o - +0 pair of gloves
Will    +....                   (no boots)
Stlth   +++.......              (no amulet)
HPRegen 0.19/turn               K - ring "Befuranemi" {Fly rN+ Int+3}
MPRegen 0.17/turn               (no ring)

@: on blink cooldown, flying, very slow
A: fangs 1, strong nose, distributed training
a: Renounce Religion


You were on level 7 of the Dungeon.
You worshipped Cheibriados.
Cheibriados was noncommittal.
You visited 2 branches of the dungeon, and saw 8 of its levels.

You collected 430 gold pieces.

Inventory:

Hand Weapons
 r - a +1 dagger of draining
 v - a +2 sling of freezing (weapon)
Missiles
 w - 31 stones
 x - 2 boomerangs
 C - 9 atropa-tipped darts
Armour
 c - a +0 hat (worn)
 o - a +0 pair of gloves (worn)
 E - a +2 robe of willpower (worn)
 F - a +0 cloak (worn)
Jewellery
 K - the ring "Befuranemi" (left hand) {Fly rN+ Int+3}
   (You found it on level 6 of the Dungeon)

   [ring of flight]

   Int:       It affects your intelligence (+3).
   rN:        It protects you from negative energy.
   Fly:       It grants you flight.
Wands
 a - a wand of flame (33)
 u - a wand of roots (7)
 y - a wand of quicksilver (8)
 G - a wand of paralysis (9)
Scrolls
 b - a scroll of poison
 f - a scroll of acquirement {unknown}
 g - 5 scrolls of fear {unknown}
 i - a scroll of noise {unknown}
 k - 2 scrolls of enchant armour {unknown}
 m - 2 scrolls of enchant weapon {unknown}
 p - a scroll of immolation {unknown}
 q - 2 scrolls of blinking {unknown}
 s - 2 scrolls of amnesia {unknown}
 t - a scroll of fog {unknown}
 D - a scroll of vulnerability {unknown}
 I - a scroll of teleportation {unknown}
Potions
 d - 3 potions of magic
 e - a potion of berserk rage
 h - 3 potions of curing
 j - a potion of ambrosia
 l - a potion of cancellation
 n - a potion of lignification
 z - a potion of might
 A - 2 potions of resistance
 B - 2 potions of brilliance
 H - a potion of heal wounds
 J - a potion of attraction {unknown}


   Skills:
 + Level 3.5 Fighting
 + Level 3.5 Short Blades
 + Level 3.5 Long Blades
 + Level 3.5 Axes
 + Level 3.5 Maces & Flails
 + Level 3.5 Polearms
 + Level 3.5 Staves
 + Level 3.5 Ranged Weapons
 + Level 3.5 Throwing
 + Level 3.5 Armour
 + Level 5.8 Dodging
 + Level 5.5 Stealth
 + Level 3.5 Shields
 + Level 3.5 Unarmed Combat
 + Level 8.0 Spellcasting
 + Level 3.6 Conjurations
 + Level 2.9 Hexes
 + Level 3.6 Summonings
 + Level 2.9 Necromancy
 + Level 3.6 Translocations
 + Level 2.9 Transmutations
 + Level 2.9 Fire Magic
 + Level 2.9 Ice Magic
 + Level 2.9 Air Magic
 + Level 2.9 Earth Magic
 + Level 2.9 Poison Magic
 + Level 3.9 Invocations
 + Level 3.5 Evocations


You had 12 spell levels left.
You knew the following spells:

 Your Spells              Type           Power      Damage    Failure   Level
a - Magic Dart            Conj           88%        1d7       1%          1
b - Mephitic Cloud        Conj/Pois/Air  20%        N/A       7%          3
c - Blink                 Tloc           44%        N/A       2%          2
d - Conjure Flame         Conj/Fire      21%        6-21      7%          3
e - Call Imp              Summ           22%        N/A       2%          2

Your spell library contained the following spells:

 Spells                   Type           Power      Damage    Failure   Level
 Slow                     Hex            76%        N/A       2%          1
 Gell's Gravitas          Tloc           22%        N/A       5%          3
 Lesser Beckoning         Tloc           22%        N/A       5%          3
 Teleport Other           Tloc           22%        N/A       5%          3


Dungeon Overview and Level Annotations

Branches:
Dungeon (7/15)             Temple (1/1) D:7

Altars:
Cheibriados
Dithmenos
Elyvilon
Fedhas
Hepliaklqana
Kikubaaqudgha
Makhleb
Nemelex Xobeh
Okawaru
Qazlal
Ru
Trog
Uskayaw
Wu Jian
Xom
Yredelemnul
Zin

Shops:
D:1 (   D:6 :


Innate Abilities, Weirdness & Mutations

You have very sharp teeth.
Your uncanny sense of smell can sniff out nearby items.
Your experience applies equally to all skills.


Message History

Okay, then.
Casting: Mephitic Cloud (dangerous; 7% risk of failure)
Confirm with . or Enter, or press ? or * to list all spells.
Aiming: Magic Dart (safe; 1% risk of failure)
Press: ? - help, Shift-Dir - straight line, f/p - cyclops
Aim: a cyclops, quivering large rocks (noxious fumes, moderately wounded, confused, 100% to hit)
The magic dart hits the cyclops.
The cyclops is moderately wounded.
The cyclops seems less confused.
Casting: Magic Dart (safe; 1% risk of failure)
Confirm with . or Enter, or press ? or * to list all spells.
Aiming: Magic Dart (safe; 1% risk of failure)
Press: ? - help, Shift-Dir - straight line, f/p - cyclops
Aim: a cyclops, quivering large rocks (noxious fumes, moderately wounded, 100% to hit)
The magic dart hits the cyclops but does no damage.
The cyclops is moderately wounded.
The cyclops is engulfed in noxious fumes.
The cyclops hits you!
* * * LOW HITPOINT WARNING * * *
Casting: Magic Dart (safe; 1% risk of failure)
Confirm with . or Enter, or press ? or * to list all spells.
Aiming: Magic Dart (safe; 1% risk of failure)
Press: ? - help, Shift-Dir - straight line, f/p - cyclops
Aim: a cyclops, quivering large rocks (noxious fumes, moderately wounded, 100% to hit)
The magic dart hits the cyclops.
The cyclops is heavily wounded.
The cyclops is engulfed in noxious fumes.
The cyclops completely misses you.
The cyclops is engulfed in noxious fumes.
Casting: Magic Dart (safe; 1% risk of failure)
Confirm with . or Enter, or press ? or * to list all spells.
You blink.
Casting: Blink (safe; 2% risk of failure)
Confirm with . or Enter, or press ? or * to list all spells.
Aiming: Mephitic Cloud (dangerous; 7% risk of failure)
Press: ? - help, Shift-Dir - straight line, f/p - cyclops
Aim: a cyclops, quivering large rocks (heavily wounded, chance to affect: 58%)
The ball explodes into a vile cloud!
The cyclops throws a large rock.
The large rock hits you!!
You die...

∆ #...... #.....#
#§☼...#
####+#§....#
#.....☼....+
#..........#
#..........#####
#....°....@#...#
..#####C.)..#...#
#...#.....#...# ∆
#...#.....'.### .
#...#.....#.#
§.#...#.....#.#
#§#...#.....#.#
§.#..#.....#.#
#§#§#.#.....###∆


You could see a cyclops.

Vanquished Creatures
  2 ice beasts
  An ogre (D:5)
  A scorpion (D:4)
  2 necrophages (D:6)
  5 hounds
  5 orc priests (D:6)
  7 iguanas
  6 orc wizards
  10 adders
  An ufetubus (D:6)
  A worm (D:2)
  2 dart slugs (D:1)
  17 orcs
  5 ball pythons
  2 endoplasms
  A giant cockroach (D:4)
  6 goblins
  8 hobgoblins
  3 jackals (D:4)
  6 kobolds
  6 quokkas
  4 bats
  2 frilled lizards
  8 rats
111 creatures vanquished.

Vanquished Creatures (collateral kills)
  A jelly (D:5)
  2 adders
3 creatures vanquished.

Vanquished Creatures (others)
  An orc (D:5)
1 creature vanquished.

Grand Total: 115 creatures vanquished

Notes
Turn   | Place    | Note
-------+----------+-------------------------------------------
     0 | D:1      | leafyfresh the Gnoll Hedge Wizard began the quest for the
                  | Orb.
     0 | D:1      | Reached XP level 1. HP: 13/13 MP: 8/8
   150 | D:1      | Found a faded altar of an unknown god.
   384 | D:1      | Reached XP level 2. HP: 19/19 MP: 7/10
   420 | D:1      | Found Vog Orch's Antique Weapon Boutique.
   942 | D:1      | You fall into a shaft and drop 1 floor!
  1124 | D:2      | Reached XP level 3. HP: 23/25 MP: 5/11
  1461 | D:2      | Learned a level 3 spell: Mephitic Cloud
  1464 | D:2      | Learned a level 2 spell: Blink
  1468 | D:2      | Learned a level 3 spell: Conjure Flame
  1471 | D:2      | Learned a level 2 spell: Call Imp
  1518 | D:2      | Reached skill level 1 in Invocations
  1715 | D:2      | Reached skill level 1 in Fighting
  1715 | D:2      | Reached skill level 1 in Short Blades
  1715 | D:2      | Reached skill level 1 in Long Blades
  1715 | D:2      | Reached skill level 1 in Axes
  1715 | D:2      | Reached skill level 1 in Maces & Flails
  1715 | D:2      | Reached skill level 1 in Polearms
  1715 | D:2      | Reached skill level 1 in Staves
  1715 | D:2      | Reached skill level 1 in Ranged Weapons
  1715 | D:2      | Reached skill level 1 in Throwing
  1715 | D:2      | Reached skill level 1 in Armour
  1715 | D:2      | Reached skill level 1 in Shields
  1715 | D:2      | Reached skill level 1 in Unarmed Combat
  1715 | D:2      | Reached skill level 1 in Evocations
  2770 | D:3      | Found an ornate altar of the Wu Jian Council.
  2816 | D:3      | Reached XP level 4. HP: 29/32 MP: 7/13
  3253 | D:3      | Found a sparkling altar of Nemelex Xobeh.
  3564 | D:4      | Reached skill level 1 in Hexes
  3564 | D:4      | Reached skill level 1 in Necromancy
  3564 | D:4      | Reached skill level 1 in Transmutations
  3564 | D:4      | Reached skill level 1 in Fire Magic
  3564 | D:4      | Reached skill level 1 in Ice Magic
  3564 | D:4      | Reached skill level 1 in Air Magic
  3564 | D:4      | Reached skill level 1 in Earth Magic
  3564 | D:4      | Reached skill level 1 in Poison Magic
  4926 | D:4      | Reached XP level 5. HP: 37/37 MP: 5/14
  5402 | D:5      | Entered Level 5 of the Dungeon
  5645 | D:4      | Reached XP level 6. HP: 14/44 MP: 3/16
  5962 | D:4      | Reached skill level 5 in Dodging
  6282 | D:5      | Noticed an ice beast
  7153 | D:5      | Reached XP level 7. HP: 34/51 MP: 12/18
  8870 | D:5      | Reached skill level 5 in Stealth
 10052 | D:6      | Reached XP level 8. HP: 58/58 MP: 19/19
 10610 | D:6      | Found Miymn's Book Emporium.
 10899 | D:6      | Reached skill level 8 in Spellcasting
 11697 | D:6      | Identified the ring "Befuranemi" {Fly rN+ Int+3}
 11721 | D:7      | Found a staircase to the Ecumenical Temple.
 11727 | Temple   | Entered the Ecumenical Temple
 11772 | Temple   | Became a worshipper of Cheibriados the Contemplative
 11988 | D:7      | Found a shadowy altar of Dithmenos.
 12012 | D:7      | Noticed a cyclops
 12031 | D:7      | Hit by a large rock thrown by a cyclops

Illustrated notes

Levels and vault maps discovered:
D:1:      erik_arrival_blinker_ship, layout_rooms, serial_shops, shop,
          basic_ecumenical_altar, kennysheep_boxes
D:2:      layout_basic, minmay_misc_feat_nine_boxes
D:3:      layout_loops_corners, mainiacjoe_overflow_paths,
          nemelex_xobeh_ov_fountains_minmay
D:4:      layout_loops_corners, supply_closet_lemuel, hangedman_decor_push
D:5:      layout_loops_ring, minmay_crossroads
D:6:      layout_basic, serial_shops, shop
D:7:      layout_gridville, grunt_dithmenos_smoke_and_mirrors,
          ashenzari_altar_1, minmay_temple_entry_crystal_x,
          biasface_ghost_orc_armoury, uniq_maggie, uniq_prince_ribbit1,
          uniq_joseph
Temple:   nicolae_temple_ecumenical_triangle

Skill      XL: |  1  2  3  4  5  6  7  8 |
---------------+-------------------------+-----
Conjurations   | 2 3 |  3.6
Summonings     | 2 3 |  3.6
Translocations | 2 3 |  3.6
Invocations    | 1 2 3 |  3.9
Fighting       | 1 2 3 |  3.5
Short Blades   | 1 2 3 |  3.5
Long Blades    | 1 2 3 |  3.5
Axes           | 1 2 3 |  3.5
Maces & Flails | 1 2 3 |  3.5
Polearms       | 1 2 3 |  3.5
Staves         | 1 2 3 |  3.5
Ranged Weapons | 1 2 3 |  3.5
Throwing       | 1 2 3 |  3.5
Armour         | 1 2 3 |  3.5
Shields        | 1 2 3 |  3.5
Unarmed Combat | 1 2 3 |  3.5
Evocations     | 1 2 3 |  3.5
Hexes          | 1 2 |  2.9
Necromancy     | 1 2 |  2.9
Transmutations | 1 2 |  2.9
Fire Magic     | 1 2 |  2.9
Ice Magic      | 1 2 |  2.9
Air Magic      | 1 2 |  2.9
Earth Magic    | 1 2 |  2.9
Poison Magic   | 1 2 |  2.9
Dodging        | 5 |  5.8
Stealth        | 5 |  5.5
Spellcasting   | 8 |  8.0

Action                   |  1- 3 |  4- 6 |  7- 9 || total
-------------------------+-------+-------+-------++-------
Melee: Dagger            |    12 |    46 |       ||    58
       Bite              |       |     6 |       ||     6
       Punch             |       |     2 |       ||     2
       Sling             |       |       |     3 ||     3
 Fire: Sling             |       |       |   184 ||   184
 Cast: Magic Dart        |    84 |   124 |    99 ||   307
       Mephitic Cloud    |       |    12 |    17 ||    29
       Call Imp          |       |     1 |     4 ||     5
       Blink             |       |     3 |     3 ||     6
       Conjure Flame     |       |       |     2 ||     2
  Use: Potion            |       |       |     2 ||     2
       Scroll            |       |       |     9 ||     9
 Stab: Sleeping          |     1 |     1 |       ||     2
       Confused          |       |     4 |       ||     4
Armor: Robe              |     9 |    13 |    48 ||    70
Dodge: Dodged            |    23 |    51 |   108 ||   182
